 Dungeon Crawl Stone Soup version 0.30-a0-614-ge5ea1257c2 (webtiles) character file.

Game seed: 13063956082392651157

42 Oxelix the Digger (level 3, -1/26 HPs)
             Began as a Demigod Earth Elementalist on Jan 9, 2023.
             Slain by Terence
             ... wielding a +0 hand axe
              (3 damage)
             ... on level 2 of the Dungeon.
             The game lasted 00:04:18 (1740 turns).

Oxelix the Digger (Demigod Earth Elementalist)      Turns: 1740, Time: 00:04:19

Health: -1/26      AC:  6    Str:  9    XL:     3   Next: 19%
Magic:  6/8        EV: 12    Int: 21    God:
Gold:   85         SH:  0    Dex: 14    Spells: 5/6 levels left

rFire   . . .      SeeInvis .    g - +0 dagger
rCold   . . .      Faith    .    (no shield)
rNeg    . . .      Spirit   .    d - +0 robe
rPois   .          Reflect  .    t - +0 helmet
rElec   .          Harm     .    o - +0 cloak
rCorr   .          Rampage  .    (no gloves)
Will    .....                    (no boots)
Stlth   ++                       (no amulet)
HPRegen 0.24/turn                (no ring)
MPRegen 0.11/turn                (no ring)

@: no status effects
A: high MP 1, forlorn, divine attributes, iridescent scales 1
a: no special abilities


You were on level 2 of the Dungeon.
You visited 1 branch of the dungeon, and saw 3 of its levels.

You collected 85 gold pieces.

Inventory:

Hand Weapons
 g - a +0 dagger (weapon)
Armour
 d - a +0 robe (worn)
 o - a +0 cloak (worn)
 t - a +0 helmet (worn)
Jewellery
 p - a ring of fire
Scrolls
 a - 5 scrolls of teleportation {unknown}
 f - 4 scrolls of identify {unknown}
 h - a scroll of noise {unknown}
 k - 2 scrolls of torment {unknown}
 n - a scroll of fog {unknown}
 q - a scroll of blinking {unknown}
Potions
 b - a potion of magic
 i - a potion of lignification {unknown}
 j - a potion of degeneration {unknown}
 l - a potion of brilliance {unknown}
 m - a potion of ambrosia {unknown}
 r - a potion of haste {unknown}
 s - a potion of heal wounds {unknown}


   Skills:
 - Level 1.7 Dodging
 - Level 1.7 Stealth
 + Level 2.2 Spellcasting
 + Level 1.5 Transmutations
 * Level 3.4 Earth Magic


You had 5 spell levels left.
You knew the following spells:

 Your Spells              Type           Power      Damage    Failure   Level
a - Sandblast             Erth           32%        2d9       3%          1

Your spell library contained the following spells:

 Spells                   Type           Power      Damage    Failure   Level
 Passwall                 Tmut/Erth      10%        N/A       8%          2
 Blink                    Tloc           4%         N/A       22%         2
 Stone Arrow              Conj/Erth      18%        3d8       22%         3
 Petrify                  Tmut/Erth      12%        N/A       45%         4
 Manifold Assault         Tloc           2%         N/A       82%         4
 Freezing Cloud           Conj/Ice/Air   1%         6-21      99%         5
 Simulacrum               Ice/Necr       1%         N/A       100%        6
 Storm Form               Tmut/Air       2%         N/A       100%        7
 Polar Vortex             Ice            1%         N/A       100%        9


Dungeon Overview and Level Annotations

Branches:
Dungeon (3/15)

Annotations:
D:2 1 runed translucent door, Crazy Yiuf, Terence


Innate Abilities, Weirdness & Mutations

You have an increased reservoir of magic. (+10% MP)
You shall have no god before yourself.
Your divine heritage dramatically boosts your attributes as you level up.
You are partially covered in iridescent scales. (AC +2)


Message History

Aim: Terence, wielding a +0 hand axe, wearing a +2 scale mail of poison resistance and carrying a wand of roots (11) (asleep, 100% to hit)
The blast of sand hits Terence.
Terence is lightly wounded.
Terence shouts!
Casting: Sandblast (safe; 3% risk of failure)
Confirm with . or Enter, or press ? or * to list all spells.
Aiming: Sandblast (safe; 3% risk of failure)
Press: ? - help, Shift-Dir - straight line, f/p - Terence
Aim: Terence, wielding a +0 hand axe, wearing a +2 scale mail of poison resistance and carrying a wand of roots (11) (lightly wounded, 84% to hit)
The blast of sand misses Terence.
You completely miss Terence.
Terence is lightly wounded.
Terence hits you with a +0 hand axe!
You closely miss Terence.
Terence is lightly wounded.
Terence hits you with a +0 hand axe. Terence closely misses you.
You climb upwards.
Level annotation: 1 runed translucent door, Crazy Yiuf
There is a stone staircase leading down here.
The air fills with toxic fumes!
As you read the scroll labelled VEYSCH PIUSHUCK, it crumbles to dust.
It was a scroll of poison.
Terence hits you with a +0 hand axe.
Really walk into that cloud of poison gas?
Okay, then.
Casting: Sandblast (safe; 3% risk of failure)
Confirm with . or Enter, or press ? or * to list all spells.
Aiming: Sandblast (safe; 3% risk of failure)
Press: ? - help, Shift-Dir - straight line, f - Terence
Aim: Terence, wielding a +0 hand axe, wearing a +2 scale mail of poison resistance and carrying a wand of roots (11) (lightly wounded, 84% to hit)
The blast of sand hits Terence.
Terence is lightly wounded.
Terence hits you with a +0 hand axe!
* * * LOW HITPOINT WARNING * * *
It was a potion of mutation.
You feel extremely strange.
You feel stupid.
Iridescent scales grow over part of your body.
You feel clever. Terence hits you with a +0 hand axe.
You die...

#.#.##.#.....##
#.#.##........####
#.#..............#
#.#.##........##.#
#.#..[.......#...######
#...)..##...##........#
###..#########...####.####
##.# ########..##....÷.#
#######.#
#§§@@§##...#.#.##.###
#.......#
#§§§§§##.#.#.#.#.....
#.#####.#
#§§§§§§§...#.#.......
#.#####.#
#§§§§§###.##.###.....
#.##....# #§§§§§#
#.##.####.### #.##.##.#
####### #.##......#
#.##.##.# #.#########
#.......# #####.#
####.#### #.....# #######


You could see Terence.

Vanquished Creatures
  A dart slug (D:1)
  4 bats
  4 endoplasms
  2 giant cockroaches (D:2)
  A goblin (D:1)
  5 hobgoblins
  7 jackals
  A quokka (D:1)
  2 ball pythons
  2 frilled lizards (D:2)
  2 kobolds (D:1)
  2 rats
33 creatures vanquished.

Notes
Turn   | Place    | Note
-------+----------+-------------------------------------------
     0 | D:1      | Oxelix the Demigod Earth Elementalist began the quest for
                  | the Orb.
     0 | D:1      | Reached XP level 1. HP: 14/14 MP: 5/5
    56 | D:1      | Reached skill level 1 in Transmutations
   241 | D:1      | Reached skill level 3 in Earth Magic
   268 | D:1      | Reached XP level 2. HP: 20/20 MP: 5/7
  1232 | D:2      | Reached XP level 3. HP: 26/26 MP: 6/8
  1551 | D:2      | Found a runed translucent door.
  1552 | D:2      | Noticed Crazy Yiuf
  1731 | D:3      | Noticed Terence
  1740 | D:2      | Gained mutation: You are dopey. (Int -2) [potion of
                  | mutation]
  1740 | D:2      | Gained mutation: You are partially covered in iridescent
                  | scales. (AC +2) [potion of mutation]
  1740 | D:2      | Lost mutation: You are dopey. (Int -2) [potion of mutation]
  1740 | D:2      | Slain by Terence

Illustrated notes

Levels and vault maps discovered:
D:1:      evilmike_arrival_rings, layout_basic
D:2:      layout_loops_cross, basic_altar, uniq_crazy_yiuf_cottage
D:3:      layout_basic, uniq_terence, uniq_grinder, uniq_natasha, uniq_ijyb

Skill      XL: |  1 |
---------------+----+-----
Transmutations | 1 |  1.5
Earth Magic    | 3 |  3.4
Spellcasting   | 2 |  2.2
Dodging        | |  1.7
Stealth        | |  1.7

Action                   || total
-------------------------++-------
Melee: Unarmed           ||    15
       Dagger            ||     3
 Cast: Sandblast         ||    49
  Use: Scroll            ||     1
       Potion            ||     1
 Stab: Sleeping          ||     1
Armor: Robe              ||     6
Dodge: Dodged            ||    26

Table legend: (Time is in decaauts)
 A = Elapsed time spent in this place.
 B = Non-inter-level travel time spent in this place.
 C = Inter-level travel time spent in this place.
 D = Time resting spent in this place.
 E = Time spent auto-exploring this place.
 F = Levels seen in this place.
 G = Mean time per level.
                   A        B        C        D        E       F      G
               +--------+--------+--------+--------+--------+-----+--------+
         Total |   1763 |   1697 |     66 |    310 |   1104 |   3 |  587.7 |
       Dungeon |   1763 |   1697 |     66 |    310 |   1104 |   3 |  587.7 |
               +--------+--------+--------+--------+--------+-----+--------+

Top non-repeatable levels by time:
     D:1: 885 daAuts
     D:2: 871 daAuts
     D:3: 6 daAuts
